 Dungeon Crawl Stone Soup version 0.14-a0-882-gdff4d47 (webtiles) character file.

213 PolkaDot the Insei (level 4, 0/32 HPs)
             Began as a Vampire Transmuter on Nov 16, 2013.
             Slain by a kobold
             ... wielding a +0,+0 elven whip
              (5 damage)
             ... on Level 2 of the Dungeon.
             The game lasted 00:03:22 (1430 turns).

PolkaDot the Insei (Vampire Transmuter)             Turns: 1430, Time: 00:03:23

HP   0/32        AC  2     Str  9      XL: 4   Next:  0%
MP   7/7         EV 12     Int 15      God:
Gold 146         SH  0     Dex 15      Spells:  0 memorised,  7 levels left

Res.Fire  : . . .   See Invis. : +     - Unarmed
Res.Cold  : . . .   Warding    : .   c - +0 robe
Life Prot.: . . .   Conserve   : .   (no shield)
Res.Poison: .       Res.Corr.  : .   (no helmet)
Res.Elec. : .       Clarity    : .   (no cloak)
Sust.Abil.: . .     Spirit.Shd : .   (no gloves)
Res.Mut.  : .       Stasis     : .   (no boots)
Res.Rott. : .       Flight     : .   (no amulet)
Saprovore : . . .                    (no ring)
                                     (no ring)

@: regenerating quickly, slightly resistant to hostile enchantments, unstealthy
A: fangs 3, see invisible, unbreathing
a: no special abilities


You were on level 2 of the Dungeon.
You were very full.

You visited 1 branch of the dungeon, and saw 2 of its levels.

You collected 146 gold pieces.

Inventory:

Missiles
 b - 12 arrows
Armour
 c - a +0 robe (worn)
Scrolls
 e - 2 scrolls of fog {unknown}
 f - 3 scrolls of remove curse {unknown}
 g - 2 scrolls of identify {unknown}
 i - a scroll of curse weapon {unknown}
 k - a scroll of teleportation {unknown}
 l - a scroll of enchant armour {unknown}
Potions
 a - a potion of speed {unknown}
 h - a potion of heal wounds {unknown}
 j - a potion of curing {unknown}
Books
 d - a book of Changes

   Spells                             Type                      Level
   Beastly Appendage                  Transmutation                1
   Sticks to Snakes                   Transmutation                2
   Spider Form                        Transmutation/Poison         3
   Ice Form                           Ice/Transmutation            4
   Blade Hands                        Transmutation                5


   Skills:
 - Level 0.8 Fighting
 - Level 2.1 Dodging
 * Level 5.4 Unarmed Combat
 - Level 2.0 Spellcasting
   Level 2.1 Transmutations


You had 7 spell levels left.
You didn't know any spells.

Dungeon Overview and Level Annotations

Branches:
Dungeon (2/16)

Altars:
Kikubaaqudgha


Innate Abilities, Weirdness & Mutations

Your natural rate of healing is unusually fast.
You have razor-sharp teeth.*
You have supernaturally acute eyesight.
You can survive without breathing.*


Message History

You are too injured to fight recklessly!
* * * LOW HITPOINT WARNING * * *
You feel sick. The adder closely misses you.
You hit the adder.
The adder is severely wounded.
The adder closely misses you.
You hit the adder.
You kill the adder!
You have reached level 4!
The kobold hits you with an elven whip.
* * * LOW HITPOINT WARNING * * *
You closely miss the kobold. You bite the kobold.
The kobold is severely wounded.
You barely miss the kobold.
The kobold is severely wounded.
* * * LOW HITPOINT WARNING * * *
You feel sick.
You feel better. The kobold hits you with an elven whip.
You die...

#####.......'.####.......#
#.......#....'.......#
#.......######.......#
##.......### #.......#
#....P..P..# #.......#
#...P..###.# #####+###
#......#.#.#
##........#.##### #
#P..P#....#...@.# #
#...##.._.#.###K#####+###
# #.P..#....#.#
#.........# #
##.P.P....#.# #.........#
# #......#.#.. +.........
####...P..###.# #.........
#........PP...# #.........
..##.......#### #........
####.......# ########


You could see a kobold.

Vanquished Creatures
  2 adders (D:2)
  A worm (D:2)
  5 giant cockroaches
  2 goblins (D:1)
  6 hobgoblins (D:1)
  3 jackals (D:1)
  7 kobolds
  A quokka (D:2)
  2 ball pythons (D:1)
  7 bats
  3 giant newts
  5 rats
44 creatures vanquished.

Notes
Turn   | Place    | Note
--------------------------------------------------------------
     0 | D:1      | PolkaDot, the Vampire Transmuter, began the quest for the Orb.
     0 | D:1      | Reached XP level 1. HP: 15/15 MP: 2/2
    86 | D:1      | Reached skill level 4 in Unarmed Combat
    86 | D:1      | Reached XP level 2. HP: 4/21 MP: 4/4
   558 | D:1      | Reached XP level 3. HP: 18/26 MP: 5/5
  1046 | D:2      | Found an ancient bone altar of Kikubaaqudgha.
  1143 | D:2      | Reached skill level 5 in Unarmed Combat
  1427 | D:2      | Reached XP level 4. HP: 8/32 MP: 7/7
  1430 | D:2      | Slain by a kobold

Action                   |  1- 3 |  4- 6 || total
-------------------------+-------+-------++-------
Melee: Unarmed           |   170 |     2 ||   172
  Use: Potion            |     1 |       ||     1
